[Event "Nordic Chess-ch 2019"]
[Site "Sarpsborg"]
[Date "2019.06.23"]
[Round "4.21"]
[White "Wahlund, Max"]
[Black "Henriksen, Morgan"]
[Result "1-0"]
[ECO "A04"]
[WhiteElo "2103"]
[BlackElo "1717"]
[Annotator "NA"]
[PlyCount "67"]
[EventDate "2019.06.21"]
[EventType "swiss"]
[EventCountry "NOR"]
[SourceTitle "playchess.com"]
[Source "ChessBase"]
[SourceQuality "1"]
[TimeControl "40/5400+30:1800+30"]

1. Nf3 c5 2. g3 d6 3. Bg2 e5 4. O-O Nf6 5. b4 c4 6. d3 cxd3 7. exd3 Be7 8. c4 O-O 9. Bb2 Nbd7 10. Nc3 Rb8 11. d4 exd4 12. Qxd4 Qb6 $2 (12... Nb6 $16) 13. Nd5 $18 {[%emt 0:00:08] Double Attack} Qd8 14. Rae1 Re8 15. Nxe7+ Rxe7 16. Qxd6 Rxe1 17. Rxe1 Qb6 18. Qxb6 Nxb6 19. Bxf6 gxf6 20. Re8+ Kg7 21. Nd2 Ra8 22. c5 Be6 23. Rxa8 Nxa8 24. Bxb7 Nc7 25. a4 Kf8 26. b5 Ke7 27. b6 axb6 28. cxb6 Nd5 29. a5 Kd8 30. Ne4 h6 31. Nc5 h5 32. Nxe6+ fxe6 33. Bxd5 exd5 34. a6 1-0

[Event "Nordic Chess-ch 2019"]
[Site "Sarpsborg"]
[Date "2019.06.23"]
[Round "4.22"]
[White "Hamre, Kenneth"]
[Black "Strand, Vetle Bjorge"]
[Result "0-1"]
[ECO "C14"]
[WhiteElo "2033"]
[BlackElo "1609"]
[Annotator "NA"]
[PlyCount "121"]
[EventDate "2019.06.21"]
[EventType "swiss"]
[EventCountry "NOR"]
[SourceTitle "playchess.com"]
[Source "ChessBase"]
[SourceQuality "1"]
[TimeControl "40/5400+30:1800+30"]

1. e4 e6 2. d4 d5 3. Nc3 Nf6 4. Bg5 Be7 5. e5 Nfd7 6. h4 c5 7. Nf3 cxd4 8. Qxd4 Nc6 9. Qf4 a6 10. O-O-O $11 b5 11. Bd3 Nc5 12. Be4 Qc7 13. Bxd5 exd5 14. Nxd5 Qb7 15. h5 h6 16. Bh4 Bxh4 17. Rxh4 Ne7 18. Ne3 Be6 19. g4 Nd5 20. Nxd5 Bxd5 21. Nd4 Ne6 22. Nxe6 fxe6 23. g5 Qf7 24. Qb4 hxg5 25. Rhd4 Rc8 26. f4 Qc7 27. Qd2 gxf4 28. Rxf4 Rf8 29. Rxf8+ Kxf8 30. h6 gxh6 31. Qxh6+ Ke7 32. Qg7+ Kd8 33. Qf8+ Kd7 34. Qf7+ Kc6 35. Qf4 Kb6 36. c3 Qc5 37. Rd4 Bxa2 38. Rd6+ Rc6 39. Qf8 Qe3+ 40. Rd2 Bb3 41. Qd8+ Rc7 42. Qb8+ Rb7 43. Qd8+ Ka7 44. Qd4+ Qxd4 45. Rxd4 Bd5 46. b4 Rc7 47. Kd2 Rc4 48. Rd3 Re4 49. Rg3 Rxe5 50. Rg7+ Kb6 51. Rd7 Bc6 52. Rg7 Rf5 53. Ke3 Re5+ 54. Kd3 Rd5+ 55. Ke3 Rd7 56. Rg5 Re7 57. Re5 Kc7 58. Rg5 Kd6 59. Rg6 Kd5 60. Rg4 e5 61. Rg5 0-1

[Event "Nordic Chess-ch 2019"]
[Site "Sarpsborg"]
[Date "2019.06.23"]
[Round "4.23"]
[White "Nilsen, Tobias Lang"]
[Black "Nizar, Siako"]
[Result "1-0"]
[ECO "C66"]
[WhiteElo "1986"]
[BlackElo "1209"]
[Annotator "NA"]
[PlyCount "47"]
[EventDate "2019.06.21"]
[EventType "swiss"]
[EventCountry "NOR"]
[SourceTitle "playchess.com"]
[Source "ChessBase"]
[SourceQuality "1"]
[TimeControl "40/5400+30:1800+30"]

1. e4 e5 2. Nf3 Nf6 3. Nc3 Nc6 4. Bb5 d6 5. d4 exd4 6. Nxd4 Bd7 7. O-O Ne5 8. Be2 Ng6 9. Be3 Be7 10. f4 Qc8 11. Kh1 $11 (11. Bd3 $16) 11... Bg4 12. Nf3 Bxf3 13. Bxf3 h5 14. Qd2 Qd7 15. Rad1 a6 16. a4 Rb8 17. Qe2 Qc8 18. Nd5 Ng4 19. Bd4 Rh7 20. e5 Kf8 21. Be4 dxe5 22. fxe5 Qd7 23. Nxe7 Qxe7 24. Bxg6 1-0

[Event "Nordic Chess-ch 2019"]
[Site "Sarpsborg"]
[Date "2019.06.23"]
[Round "4.24"]
[White "Hanebuth, Katja"]
[Black "Unneland, Mathias"]
[Result "0-1"]
[ECO "C12"]
[WhiteElo "1463"]
[BlackElo "1980"]
[Annotator "NA"]
[PlyCount "84"]
[EventDate "2019.06.21"]
[EventType "swiss"]
[EventCountry "NOR"]
[SourceTitle "playchess.com"]
[Source "ChessBase"]
[SourceQuality "1"]
[TimeControl "40/5400+30:1800+30"]

1. e4 e6 2. d4 d5 3. Nc3 Nf6 4. Bg5 Bb4 5. e5 h6 6. exf6 hxg5 7. fxg7 Rg8 8. Qh5 Qf6 9. O-O-O Nc6 10. Nb5 Ba5 11. Qf3 Qxg7 $15 12. Ne2 a6 13. Na3 b5 14. c3 b4 15. Nb1 bxc3 16. Nbxc3 Bb6 17. Qe3 Kd8 18. Na4 Rb8 19. Qc3 Bd7 20. Nxb6 Rxb6 21. a3 Ne5 22. Qa5 Nc4 23. Qc5 Nxb2 24. Qxb6 cxb6 25. Kxb2 Qf6 26. f3 Ke7 27. Nc1 a5 28. Ba6 Ra8 29. Be2 Rc8 30. Na2 Qf4 31. Nc3 Qe3 32. Rd3 Qf2 33. Rf1 Qxg2 34. Re3 Kf8 35. Re5 f6 36. Re3 Qxh2 37. f4 gxf4 38. Rxf4 Qxf4 39. Rh3 Qd2+ 40. Kb3 a4+ 41. Nxa4 Qc2+ 42. Kb4 Qxa4# 0-1

[Event "Nordic Chess-ch 2019"]
[Site "Sarpsborg"]
[Date "2019.06.23"]
[Round "4.25"]
[White "Skaar, Ben Samuel Groth"]
[Black "Dingertz, Erik"]
[Result "1/2-1/2"]
[ECO "C54"]
[WhiteElo "1362"]
[BlackElo "1969"]
[Annotator "NA"]
[PlyCount "66"]
[EventDate "2019.06.21"]
[EventType "swiss"]
[EventCountry "NOR"]
[SourceTitle "playchess.com"]
[Source "ChessBase"]
[SourceQuality "1"]
[TimeControl "40/5400+30:1800+30"]

1. e4 e5 2. Nf3 Nc6 3. Bc4 Bc5 4. c3 Nf6 5. d3 O-O 6. O-O d5 7. exd5 Nxd5 8. d4 exd4 9. cxd4 Bd6 10. Bxd5 Bxh2+ 11. Nxh2 Qxd5 12. Be3 Bf5 13. Nc3 Qd7 14. Qd2 Rad8 15. Rad1 Nb4 16. a3 Nc2 17. Rc1 Nxd4 18. Qxd4 Qxd4 19. Bxd4 Rxd4 20. Nf3 Rdd8 21. Rfd1 c6 22. Rxd8 Rxd8 23. Re1 Kf8 24. Ne4 Bg4 25. Ne5 Be6 26. Ng5 Ba2 27. Nef3 f6 28. Ne6+ Bxe6 29. Rxe6 Kf7 30. Re1 g5 31. g4 Rd3 32. Re3 Rd5 33. Re4 Kg6 1/2-1/2

[Event "Nordic Chess-ch 2019"]
[Site "Sarpsborg"]
[Date "2019.06.23"]
[Round "4.26"]
[White "Schouten, Mathias Lind"]
[Black "Blauhut, Anna"]
[Result "1-0"]
[ECO "C54"]
[WhiteElo "1967"]
[BlackElo "1156"]
[Annotator "NA"]
[PlyCount "63"]
[EventDate "2019.06.21"]
[EventType "swiss"]
[EventCountry "NOR"]
[SourceTitle "playchess.com"]
[Source "ChessBase"]
[SourceQuality "1"]
[TimeControl "40/5400+30:1800+30"]

1. e4 e5 2. Nf3 Nc6 3. Bc4 Bc5 4. O-O Nf6 5. d3 d6 6. c3 h6 7. a4 a5 8. Be3 Bxe3 9. fxe3 O-O 10. Nbd2 Be6 11. Bxe6 fxe6 12. Qb3 Qd7 13. d4 b6 14. Rad1 Qe7 15. Qc4 Nd8 16. dxe5 dxe5 17. Nxe5 Kh7 18. Nd3 e5 19. Nf3 Nf7 20. Nh4 Nd6 21. Qc6 Nfxe4 22. Nf5 Nxf5 23. Qxe4 Qf6 24. g4 Qg5 25. Rxf5 Rxf5 26. Qxf5+ Qxf5 27. gxf5 Rd8 28. e4 c5 29. Kf1 c4 30. Nf2 Rxd1+ 31. Nxd1 Kg8 32. Ne3 1-0

[Event "Nordic Chess-ch 2019"]
[Site "Sarpsborg"]
[Date "2019.06.23"]
[Round "4.27"]
[White "Stabbetorp, Jon Anders"]
[Black "Dingertz, Filip"]
[Result "1-0"]
[ECO "C44"]
[WhiteElo "1817"]
[BlackElo "1111"]
[Annotator "NA"]
[PlyCount "77"]
[EventDate "2019.06.21"]
[EventType "swiss"]
[EventCountry "NOR"]
[SourceTitle "playchess.com"]
[Source "ChessBase"]
[SourceQuality "1"]
[TimeControl "40/5400+30:1800+30"]

1. e4 e5 2. Nf3 Nc6 3. c3 Nf6 4. d4 exd4 5. e5 Qe7 6. cxd4 d6 7. Bb5 Bd7 8. Bxc6 Bxc6 9. O-O dxe5 10. Nxe5 Qe6 11. Nxc6 Qxc6 12. Re1+ Be7 13. Qe2 Qd6 14. Bf4 Qd7 15. Nc3 Kf8 16. Rad1 Re8 17. Qf3 c6 18. d5 cxd5 19. Nxd5 Nxd5 20. Rxd5 Qc6 21. Rde5 Qxf3 22. gxf3 f6 23. Rxe7 Rxe7 24. Bd6 Kf7 25. Rxe7+ Kg6 26. Rxb7 Rd8 27. Bc5 a6 28. Ra7 Rd5 29. Bb6 Rd2 30. Rxa6 Rxb2 31. a4 Ra2 32. a5 Kf5 33. Be3 Ke5 34. Ra8 Kd6 35. a6 Kc6 36. a7 Kb7 37. Rg8 g6 38. Rg7+ Kc6 39. Rxh7 1-0

[Event "Nordic Chess-ch 2019"]
[Site "Sarpsborg"]
[Date "2019.06.23"]
[Round "4.28"]
[White "Haggar, Haytham"]
[Black "Kro, Andreas Fuskeland"]
[Result "0-1"]
[ECO "D10"]
[WhiteElo "1309"]
[BlackElo "1565"]
[Annotator "NA"]
[PlyCount "64"]
[EventDate "2019.06.21"]
[EventType "swiss"]
[EventCountry "NOR"]
[SourceTitle "playchess.com"]
[Source "ChessBase"]
[SourceQuality "1"]
[TimeControl "40/5400+30:1800+30"]

1. d4 d5 2. c4 c6 3. e3 Nf6 4. Nc3 dxc4 5. Bxc4 b5 6. Bb3 Bb7 7. f3 e6 8. Nge2 Nbd7 9. O-O a6 10. Kh1 c5 11. a4 b4 12. Nb1 a5 13. Bc4 Qc7 14. e4 cxd4 15. Qxd4 Bc5 16. Qd3 O-O 17. Bf4 e5 18. Bg5 h6 19. Bh4 Rfd8 20. Qb3 Nb6 21. Bxf6 gxf6 22. Rc1 Nxc4 23. Rxc4 Ba6 24. Rc1 Bxe2 25. Qc2 Ba6 26. Nd2 Rac8 27. h3 Qd7 28. Nc4 Bxc4 29. Qxc4 Be3 30. Qf1 Rxc1 31. Rxc1 Bxc1 32. Qxc1 Qd1+ 0-1

[Event "Nordic Chess-ch 2019"]
[Site "Sarpsborg"]
[Date "2019.06.23"]
[Round "4.29"]
[White "Holand, Per Fredrik"]
[Black "Hoiom, Jonas"]
[Result "1-0"]
[ECO "B01"]
[WhiteElo "1883"]
[BlackElo "1317"]
[Annotator "NA"]
[PlyCount "83"]
[EventDate "2019.06.21"]
[EventType "swiss"]
[EventCountry "NOR"]
[SourceTitle "playchess.com"]
[Source "ChessBase"]
[SourceQuality "1"]
[TimeControl "40/5400+30:1800+30"]

1. e4 d5 2. exd5 Qxd5 3. Nf3 Nf6 4. h3 Bf5 5. Nc3 Qa5 6. b4 Qb6 7. Be2 e6 8. a3 c6 9. O-O Nbd7 10. Na4 Qc7 11. c4 Be7 12. d4 O-O 13. Nh4 Bg6 14. Nxg6 hxg6 15. f4 Ne4 16. Qb3 g5 17. Qf3 f5 18. Bd3 Qd6 19. Bxe4 Qxd4+ 20. Be3 fxe4 21. Qe2 Qd6 22. Rad1 Qc7 23. Qg4 Rf5 24. fxg5 Raf8 25. Rxf5 exf5 26. Qh5 Qg3 27. Bf2 Qxg5 28. Qxg5 Bxg5 29. Rxd7 e3 30. Be1 Re8 31. g3 e2 32. Rd3 Be3+ 33. Kg2 f4 34. Kf3 Bc1 35. gxf4 Rf8 36. Kxe2 Rxf4 37. Bd2 Rxc4 38. Bxc1 Rxc1 39. Nc5 b6 40. Ne4 Rh1 41. Rc3 Rh2+ 42. Nf2 1-0

[Event "Nordic Chess-ch 2019"]
[Site "Sarpsborg"]
[Date "2019.06.23"]
[Round "4.30"]
[White "Pettersen, Morgan Buckholm"]
[Black "Asbjornsen, Jakob"]
[Result "1-0"]
[ECO "D35"]
[WhiteElo "1508"]
[BlackElo "1359"]
[Annotator "NA"]
[PlyCount "109"]
[EventDate "2019.06.21"]
[EventType "swiss"]
[EventCountry "NOR"]
[SourceTitle "playchess.com"]
[Source "ChessBase"]
[SourceQuality "1"]
[TimeControl "40/5400+30:1800+30"]

1. d4 Nf6 2. c4 e6 3. Nc3 d5 4. cxd5 exd5 5. Bg5 Be7 6. e3 Bf5 7. Bd3 Qd7 8. Bxf6 Bxf6 9. Bxf5 Qxf5 10. Qb3 Qc8 11. Nxd5 Bg5 12. Nf3 Bh6 13. Ne5 Rf8 14. Rc1 c6 15. O-O Na6 16. Qd3 f6 17. Nc4 Qe6 18. Nf4 Qd7 19. Qxh7 O-O-O 20. d5 Bxf4 21. dxc6 Bxh2+ 22. Qxh2 bxc6 23. Na5 Nb8 24. Qf4 Rh8 25. Qf3 Qc7 26. Qf5+ Rd7 27. g3 Kd8 28. Rfd1 Rxd1+ 29. Rxd1+ Nd7 30. Nb3 Kc8 31. Nc5 Rd8 32. Nxd7 Rxd7 33. Rxd7 Qxd7 34. Qxd7+ Kxd7 35. Kf1 Kd6 36. Ke2 Kd5 37. Kd3 f5 38. f3 g6 39. e4+ fxe4+ 40. fxe4+ Ke5 41. b4 g5 42. Ke3 g4 43. a3 a6 44. Kd3 Ke6 45. Kd4 Kd6 46. e5+ Ke6 47. Ke4 Kd7 48. Kf5 Ke7 49. Kxg4 Ke6 50. Kf4 a5 51. g4 axb4 52. axb4 Kd5 53. g5 Kc4 54. e6 Kxb4 55. e7 1-0

[Event "Nordic Chess-ch 2019"]
[Site "Sarpsborg"]
[Date "2019.06.23"]
[Round "4.31"]
[White "Dogani, Avduraim"]
[Black "Ulrichsen, Jarl H"]
[Result "0-1"]
[ECO "B12"]
[WhiteElo "2107"]
[BlackElo "2180"]
[Annotator "NA"]
[PlyCount "88"]
[EventDate "2019.06.21"]
[EventType "swiss"]
[EventCountry "NOR"]
[SourceTitle "playchess.com"]
[Source "ChessBase"]
[SourceQuality "1"]
[TimeControl "40/5400+30:1800+30"]

1. e4 c6 2. d4 d5 3. Bd3 dxe4 4. Bxe4 Nf6 5. Bf3 Bf5 6. Ne2 e6 7. Ng3 Bg6 8. c3 Qc7 9. Nd2 $11 Nbd7 10. Nc4 Be7 11. Ne2 Nd5 12. g3 O-O 13. h4 h6 14. Nf4 Bh7 15. Qe2 b5 16. Ne5 Bd6 17. Nfd3 Rae8 18. Nxd7 Qxd7 19. O-O Qc7 20. Ne5 f6 21. Ng4 Qd7 22. Ne3 Nxe3 23. Bxe3 f5 24. Bd2 e5 25. dxe5 Bxe5 26. Qd1 Qc7 27. a4 f4 28. g4 Qe7 29. Kg2 Qxh4 30. Rh1 Qg5 31. Rh5 Qf6 32. axb5 cxb5 33. Rxa7 Bg6 34. Qb3+ Kh8 35. Rh1 Rd8 36. Bc1 Bd3 37. Qa3 Be2 38. c4 Rd3 39. Qxd3 Bxd3 40. cxb5 Bxb5 41. Re1 Bc6 42. Ra3 Bxf3+ 43. Rxf3 Qh4 44. Rd3 f3+ 0-1

[Event "Nordic Chess-ch 2019"]
[Site "Sarpsborg"]
[Date "2019.06.23"]
[Round "4.32"]
[White "Store, Trond"]
[Black "Eriksson, Kristian"]
[Result "0-1"]
[ECO "A99"]
[WhiteElo "2100"]
[BlackElo "2111"]
[Annotator "NA"]
[PlyCount "80"]
[EventDate "2019.06.21"]
[EventType "swiss"]
[EventCountry "NOR"]
[SourceTitle "playchess.com"]
[Source "ChessBase"]
[SourceQuality "1"]
[TimeControl "40/5400+30:1800+30"]

1. Nf3 e6 2. c4 f5 3. Nc3 Nf6 4. g3 Be7 5. Bg2 O-O 6. O-O d6 7. d4 Qe8 8. b3 Qh5 9. a3 Ne4 10. Nxe4 fxe4 11. Ne1 d5 12. f3 Nc6 13. Nc2 dxc4 14. bxc4 exf3 15. Bxf3 Qg6 16. Bb2 Bd7 17. e4 Rad8 18. Qe2 e5 19. d5 Bc5+ 20. Kg2 Nd4 21. Nxd4 Bxd4 22. Bxd4 exd4 23. Qb2 c5 24. Rae1 Bg4 25. Bxg4 Qxg4 26. Rxf8+ Rxf8 27. Qe2 Qxe2+ 28. Rxe2 b5 29. cxb5 c4 30. e5 c3 31. Rc2 Rc8 32. d6 Kf7 33. d7 Rd8 34. Kf2 Rxd7 35. Ke1 Ke6 36. Kd1 Kxe5 37. Rc1 Kd5 38. Rb1 Rf7 39. Ke2 Ke4 40. Rb4 Rc7 0-1

[Event "Nordic Chess-ch 2019"]
[Site "Sarpsborg"]
[Date "2019.06.23"]
[Round "4.33"]
[White "Holst, Conny"]
[Black "Andersen, Harry"]
[Result "1-0"]
[ECO "D85"]
[WhiteElo "2197"]
[BlackElo "1905"]
[Annotator "NA"]
[PlyCount "91"]
[EventDate "2019.06.21"]
[EventType "swiss"]
[EventCountry "NOR"]
[SourceTitle "playchess.com"]
[Source "ChessBase"]
[SourceQuality "1"]
[TimeControl "40/5400+30:1800+30"]

1. d4 Nf6 2. c4 g6 3. Nc3 d5 4. cxd5 Nxd5 5. e4 Nxc3 6. bxc3 Bg7 7. Nf3 c5 8. Be3 Nc6 9. Be2 O-O 10. O-O cxd4 11. cxd4 Bg4 12. d5 Ne5 13. Nxe5 Bxe2 14. Qxe2 Bxe5 15. Rac1 a6 16. f4 Bg7 17. Rfd1 Rc8 18. Rxc8 Qxc8 19. Rc1 Qd7 20. Qc4 Bb2 21. Rc2 Ba1 22. h3 Qd6 23. e5 Qa3 24. Kf2 Qa5 25. Qb3 Qb5 26. Qxb5 axb5 27. Rc7 Rd8 28. Rxe7 Rxd5 29. Rxb7 Bd4 30. Kf3 Bxe3 31. Kxe3 Rc5 32. Rd7 g5 33. g3 gxf4+ 34. gxf4 Rc1 35. Ke4 Kg7 36. Kf5 Re1 37. Rb7 Re2 38. a3 Re3 39. h4 h6 40. h5 Rh3 41. e6 Rxh5+ 42. Kg4 Rc5 43. Rxf7+ Kg8 44. f5 Rc3 45. Rb7 Rxa3 46. Rb8+ 1-0

[Event "Nordic Chess-ch 2019"]
[Site "Sarpsborg"]
[Date "2019.06.23"]
[Round "4.34"]
[White "Hauge, Tor Arne"]
[Black "Skogheim, Ole Morten"]
[Result "1/2-1/2"]
[ECO "A11"]
[WhiteElo "2022"]
[BlackElo "1950"]
[Annotator "NA"]
[PlyCount "119"]
[EventDate "2019.06.21"]
[EventType "swiss"]
[EventCountry "NOR"]
[SourceTitle "playchess.com"]
[Source "ChessBase"]
[SourceQuality "1"]
[TimeControl "40/5400+30:1800+30"]

1. Nf3 d5 2. g3 Nf6 3. Bg2 g6 4. O-O Bg7 5. c4 c6 6. Qc2 O-O $11 7. b3 Bf5 8. d3 Na6 9. Bb2 Re8 10. a3 Qb6 11. Nbd2 Nd7 12. Bxg7 Kxg7 13. e4 dxe4 14. dxe4 Bg4 15. h3 Bxf3 16. Nxf3 e5 17. b4 c5 18. b5 Nc7 19. a4 Ne6 20. a5 Qc7 21. Nd2 Rad8 22. Nb1 Ndf8 23. Nc3 Nd4 24. Qb2 Qd7 25. Nd5 Nfe6 26. f4 f6 27. fxe5 fxe5 28. Nf6 Qc8 29. Nxe8+ Rxe8 30. Rf2 Ng5 31. Kh2 Re7 32. Raf1 Qe6 33. Qa2 Nf7 34. Rf6 Qd7 35. Qf2 h5 36. h4 Nh6 37. Bh3 Ng4+ 38. Bxg4 hxg4 39. Rf8 Nf3+ 40. Rxf3 gxf3 41. Qxf3 Kh7 42. Qf8 Rg7 43. Qxc5 Qd3 44. Rf8 Qe2+ 45. Rf2 Qxe4 46. Qxa7 Qxc4 47. Qb6 e4 48. a6 bxa6 49. bxa6 e3 50. Qxe3 Qxa6 51. Qe8 Rc7 52. Rf7+ Rxf7 53. Qxf7+ Kh8 54. Qe8+ Kg7 55. h5 gxh5 56. Qxh5 Qh6 57. Qh3 Kg6 58. Qxh6+ Kxh6 59. Kh3 Kg5 60. g4 1/2-1/2

[Event "Nordic Chess-ch 2019"]
[Site "Sarpsborg"]
[Date "2019.06.23"]
[Round "4.35"]
[White "Mirza, Raad"]
[Black "Larsen, Bjorn"]
[Result "0-1"]
[ECO "C50"]
[WhiteElo "1991"]
[BlackElo "1680"]
[Annotator "NA"]
[PlyCount "180"]
[EventDate "2019.06.21"]
[EventType "swiss"]
[EventCountry "NOR"]
[SourceTitle "playchess.com"]
[Source "ChessBase"]
[SourceQuality "1"]
[TimeControl "40/5400+30:1800+30"]

1. e4 e5 2. Nf3 Nc6 3. Bc4 Bc5 4. O-O Nf6 5. d4 Bxd4 6. Nxd4 Nxd4 7. f4 d6 8. fxe5 dxe5 9. Bg5 Qe7 10. c3 Be6 11. Bd3 Nc6 12. Bxf6 gxf6 13. Qf3 O-O-O 14. Be2 f5 15. exf5 Bd5 16. f6 Qc5+ 17. Qf2 Qxf2+ 18. Rxf2 Rhg8 19. Na3 Rg5 20. Nc4 Rdg8 21. Ne3 Be6 22. Kh1 h5 23. h4 Rg3 24. Bf3 e4 25. Nf1 exf3 26. Nxg3 Rxg3 27. Kh2 Rxg2+ 28. Rxg2 fxg2 29. Kxg2 Ne5 30. Re1 Nd7 31. Rf1 Kd8 32. a3 Ke8 33. Kg3 Kf8 34. Kf4 Nxf6 35. Kg5 Ne4+ 36. Kf4 Nd6 37. Kg5 Bg4 38. Kf6 Ne8+ 39. Ke5 f6+ 40. Kf4 Kf7 41. b3 Nd6 42. c4 Nf5 43. Rh1 Nd4 44. Rb1 Ke7 45. Rb2 Nf3 46. Kg3 Kd6 47. b4 b6 48. Re2 Ne5 49. Re4 a5 50. Rf4 axb4 51. axb4 Ke7 52. Rd4 Be6 53. c5 bxc5 54. bxc5 Nd7 55. c6 Ne5 56. Kf4 Nxc6 57. Ra4 Kd7 58. Ra8 Nd8 59. Ra7 Bg4 60. Ke4 f5+ 61. Kf4 Ne6+ 62. Ke5 f4 63. Ra2 f3 64. Rd2+ Kc6 65. Rc2+ Kb5 66. Rf2 Kc4 67. Ke4 Nc5+ 68. Ke3 Nb3 69. Rc2+ Kd5 70. Rxc7 Kd6 71. Rc3 Nc5 72. Rc4 Ne6 73. Ra4 Ng7 74. Kf2 Nf5 75. Ra5 Nxh4 76. Kg3 Nf5+ 77. Kf2 Ke6 78. Rb5 Kf6 79. Rb8 Kg5 80. Rb4 h4 81. Ra4 h3 82. Ra8 h2 83. Ra1 Kh4 84. Ra8 h1=Q 85. Rh8+ Nh6 86. Rxh6+ Bh5 87. Re6 Qg2+ 88. Ke3 Qe2+ 89. Kf4 Qc4+ 90. Re4 Qxe4+ 0-1

[Event "Nordic Chess-ch 2019"]
[Site "Sarpsborg"]
[Date "2019.06.23"]
[Round "4.36"]
[White "Kirppo, Ronny"]
[Black "Stubrud, Jan Magne"]
[Result "1-0"]
[ECO "E02"]
[WhiteElo "1910"]
[BlackElo "1681"]
[Annotator "NA"]
[PlyCount "73"]
[EventDate "2019.06.21"]
[EventType "swiss"]
[EventCountry "NOR"]
[SourceTitle "playchess.com"]
[Source "ChessBase"]
[SourceQuality "1"]
[TimeControl "40/5400+30:1800+30"]

1. d4 d5 2. c4 e6 3. Nf3 Nf6 4. g3 Be7 5. Bg2 O-O 6. O-O dxc4 7. Qc2 Bd7 8. Qxc4 Bc6 9. Nc3 Nbd7 10. Rd1 Nb6 11. Qd3 Nbd5 12. Ne5 Nb4 13. Nxc6 Nxd3 14. Nxd8 Nxc1 15. Nxb7 Nxe2+ 16. Nxe2 Rab8 17. Rd2 Nd7 18. Rc1 Rfc8 19. Nc5 Nf8 20. Rdc2 g5 21. Na6 Rb6 22. Nc5 Bd6 23. b3 e5 24. Ne4 Ba3 25. Rxc7 Rd8 26. Rd1 Ne6 27. Rxa7 Bb2 28. d5 Nd4 29. Nxd4 Bxd4 30. Rc7 h6 31. Rc6 Rb5 32. Nd6 Rb4 33. Nf5 Ba7 34. d6 Bb8 35. d7 Rb7 36. Rc8 Rbxd7 37. Rxd8+ 1-0

[Event "Nordic Chess-ch 2019"]
[Site "Sarpsborg"]
[Date "2019.06.23"]
[Round "4.37"]
[White "Andersen, Odd"]
[Black "Rukovci, Shemsi"]
[Result "1/2-1/2"]
[ECO "C42"]
[WhiteElo "1751"]
[BlackElo "1907"]
[Annotator "NA"]
[PlyCount "111"]
[EventDate "2019.06.21"]
[EventType "swiss"]
[EventCountry "NOR"]
[SourceTitle "playchess.com"]
[Source "ChessBase"]
[SourceQuality "1"]
[TimeControl "40/5400+30:1800+30"]

1. e4 e5 2. Nf3 Nf6 3. Nc3 Bb4 4. Nxe5 Qe7 5. Nf3 Nxe4 6. Nxe4 Qxe4+ 7. Qe2 d5 8. c3 Qxe2+ 9. Bxe2 Bd6 10. d4 O-O 11. O-O Bf5 12. h3 Nd7 13. Be3 h6 14. Rad1 Nf6 15. Bd3 Ne4 16. Bb1 Bh7 17. Rfe1 Rae8 18. Nd2 Nxd2 19. Bxh7+ Kxh7 20. Bxd2 f5 21. Rxe8 Rxe8 22. Re1 Rf8 23. f4 Kg6 24. Kf2 Kf6 25. h4 Rc8 26. Be3 Ke6 27. h5 Kd7 28. Rg1 Ke7 29. g4 fxg4 30. Rxg4 Kf7 31. Kf3 b5 32. Rg2 a5 33. b3 Be7 34. Rg6 Bf6 35. Rg1 c5 36. dxc5 Bxc3 37. Rd1 d4 38. Bxd4 Bxd4 39. Rxd4 Rxc5 40. Kg4 Ke6 41. Re4+ Kf6 42. Re2 b4 43. Rd2 Ke6 44. Re2+ Kd6 45. Rd2+ Ke7 46. Re2+ Kf7 47. Re5 Rxe5 48. fxe5 Ke6 49. Kf4 Kf7 50. Ke4 Ke7 51. Kd5 Kd7 52. e6+ Ke7 53. Ke5 Ke8 54. Kd6 Kd8 55. e7+ Ke8 56. Ke6 1/2-1/2

[Event "Nordic Chess-ch 2019"]
[Site "Sarpsborg"]
[Date "2019.06.23"]
[Round "4.39"]
[White "Sather, Lars"]
[Black "Bergquist, Rune"]
[Result "0-1"]
[ECO "D35"]
[WhiteElo "1730"]
[BlackElo "1609"]
[Annotator "NA"]
[PlyCount "118"]
[EventDate "2019.06.21"]
[EventType "swiss"]
[EventCountry "NOR"]
[SourceTitle "playchess.com"]
[Source "ChessBase"]
[SourceQuality "1"]
[TimeControl "40/5400+30:1800+30"]

1. d4 d5 2. c4 e6 3. Nc3 Nf6 4. f3 Be7 5. e4 c6 6. cxd5 exd5 7. e5 Nfd7 8. Bd3 O-O 9. Nge2 Re8 10. O-O Nf8 11. f4 c5 12. Kh1 Nc6 13. Bb1 Bg4 14. Qd2 Ne6 15. dxc5 Nxc5 16. h3 Bxe2 17. Qxe2 Bf8 18. a3 d4 19. Ne4 d3 20. Qf3 Nxe4 21. Qxe4 g6 22. b4 d2 23. Qf3 dxc1=Q 24. Rxc1 Qb6 25. Ba2 Nd4 26. Qd5 Ne6 27. Rf1 Rad8 28. Qb3 Rd7 29. Rae1 Red8 30. Bb1 Ng7 31. Qg3 Kh8 32. Be4 Nh5 33. Qf3 Ng7 34. g4 Be7 35. f5 Bh4 36. Rd1 Rxd1 37. Rxd1 Rxd1+ 38. Qxd1 gxf5 39. gxf5 Qe3 40. Qg4 Qe1+ 41. Kh2 Qf2+ 42. Kh1 h5 43. Qg2 b6 44. f6 Qxg2+ 45. Kxg2 Ne6 46. b5 Bg5 47. a4 Bf4 48. Bf3 Bxe5 49. h4 Bxf6 50. Kh3 Kg7 51. Bxh5 Nf4+ 52. Kg4 Nxh5 53. Kxh5 Bxh4 54. Kxh4 Kf6 55. Kg4 Ke5 56. Kf3 Kd4 57. Kf4 Kc4 58. Ke5 Kb4 59. Kd5 Kxa4 0-1

[Event "Nordic Chess-ch 2019"]
[Site "Sarpsborg"]
[Date "2019.06.23"]
[Round "4.40"]
[White "Lilleng, Gunnar"]
[Black "Lunde, Sigmund"]
[Result "0-1"]
[ECO "D03"]
[WhiteElo "1485"]
[BlackElo "1834"]
[Annotator "NA"]
[PlyCount "92"]
[EventDate "2019.06.21"]
[EventType "swiss"]
[EventCountry "NOR"]
[SourceTitle "playchess.com"]
[Source "ChessBase"]
[SourceQuality "1"]
[TimeControl "40/5400+30:1800+30"]

1. d4 d5 2. c3 Nf6 3. Nf3 g6 4. Bg5 Bg7 5. Nbd2 O-O 6. e3 b6 7. Bd3 Bb7 8. O-O Nbd7 9. Re1 Ne4 10. Bh4 Qe8 11. Ng5 Nxg5 12. Bxg5 f6 13. Bf4 e5 14. dxe5 Nxe5 15. Bf1 Rd8 16. Qc2 c5 17. Rad1 Qc6 18. Qb3 Kh8 19. Bb5 Qc8 20. Bf1 Qf5 21. c4 d4 22. Bg3 Bh6 23. e4 Qe6 24. f3 Ba6 25. Qc2 Bxd2 26. Qxd2 Bxc4 27. b3 Bxf1 28. Rxf1 Nf7 29. Rde1 Qc6 30. Rc1 b5 31. Rc2 c4 32. Qc1 Rc8 33. Rd1 Rfd8 34. b4 c3 35. Rd3 Qc4 36. Qd1 Ne5 37. Bxe5 fxe5 38. a3 Rf8 39. Kf2 Qb3 40. Qc1 Rc6 41. h3 Kg7 42. Ke2 Ra6 43. h4 Rxa3 44. Rcxc3 Ra2+ 45. Kf1 dxc3 46. Rd7+ Rf7 0-1

[Event "Nordic Chess-ch 2019"]
[Site "Sarpsborg"]
[Date "2019.06.23"]
[Round "4.41"]
[White "Stabbetorp, Hans"]
[Black "Heikkila, Raine"]
[Result "1/2-1/2"]
[ECO "D02"]
[WhiteElo "1767"]
[BlackElo "1663"]
[Annotator "NA"]
[PlyCount "92"]
[EventDate "2019.06.21"]
[EventType "swiss"]
[EventCountry "NOR"]
[SourceTitle "playchess.com"]
[Source "ChessBase"]
[SourceQuality "1"]
[TimeControl "40/5400+30:1800+30"]

1. d4 d5 2. Nf3 h6 3. Bf4 Nf6 4. h3 Nc6 5. e3 a6 6. Nbd2 Bf5 7. a3 e6 8. c4 Bd6 9. Bxd6 cxd6 10. Rc1 dxc4 11. Bxc4 O-O 12. O-O d5 13. Be2 Ne4 14. b4 Qd6 15. Nxe4 dxe4 16. Nd2 Rfd8 17. Nc4 Qe7 18. Bg4 Bh7 19. Qc2 Qg5 20. Qb2 h5 21. Bd1 Bf5 22. Kh2 Qh4 23. f3 Rac8 24. fxe4 Bg6 25. e5 Ne7 26. Nd6 Rxc1 27. Qxc1 Rf8 28. Bc2 Qg5 29. Bxg6 Qxg6 30. Nxb7 Rc8 31. Nc5 Nf5 32. Qe1 h4 33. Rf4 Qg5 34. Qf2 Qg3+ 35. Qxg3 hxg3+ 36. Kg1 Nxe3 37. Rf3 Nf5 38. d5 Nd4 39. Rxg3 Ne2+ 40. Kf2 Nxg3 41. Kxg3 exd5 42. Kf4 Rc6 43. Ke3 Kf8 44. Kd4 Ke7 45. Kxd5 Rb6 46. Nd3 Kd7 1/2-1/2